 Dungeon Crawl Stone Soup version 0.28.0-53-g5a82cb258f (webtiles) character file.

Game seed: 17415373892921708428

51 DildoBatman the Conjurer (level 4, -2/30 (32) HPs)
             Began as a Formicid Conjurer on July 15, 2022.
             Slain by Pikel
             ... wielding a +2 whip of flaming
              (4 damage)
             ... on level 4 of the Dungeon.
             The game lasted 00:03:45 (1895 turns).

DildoBatman the Conjurer (Formicid Conjurer)        Turns: 1895, Time: 00:03:46

HP:   -2/30 (32)    AC:  3    Str: 12    XL:     4   Next: 5%
MP:   6/8           EV: 12    Int: 17    God:
Gold: 110           SH:  0    Dex: 11    Spells: 5/8 levels left

rFire   . . .      SeeInvis +   a - +0 hunting sling
rCold   . . .      Faith    +   (no shield)
rNeg    . . .      Spirit   .   h - +0 robe
rPois   .          Reflect  .   (helmet unavailable)
rElec   .          Harm     .   f - +0 cloak
rCorr   .          Rampage  .   (no gloves)
Will    .....                   (no boots)
Stlth   ++........              q - amulet of faith
HPRegen 0.10/turn               (no ring)
MPRegen 0.11/turn               (no ring)

@: drained
A: permanent stasis, dig shafts and tunnels, antennae 3, four strong arms
a: Dig, Shaft Self


You were on level 4 of the Dungeon.
You visited 1 branch of the dungeon, and saw 4 of its levels.

You collected 110 gold pieces.

Inventory:

Hand Weapons
 a - a +0 hunting sling (weapon)
 c - a +0 club
 e - a +0 dagger
Missiles
 d - 8 stones (quivered ammo)
 g - 80 bolts
 i - 12 arrows
Armour
 f - a +0 cloak (worn)
 h - a +0 robe (worn)
Magical Staves
 b - a staff of cold
Jewellery
 l - a +6 ring of strength
 q - an amulet of faith (around neck)
Scrolls
 j - a scroll of identify {unknown}
 m - a scroll of vulnerability {unknown}
Potions
 k - a potion of curing {unknown}
 n - a potion of might {unknown}
 o - a potion of berserk rage {unknown}
 p - a potion of brilliance {unknown}


   Skills:
 * Level 1.4 Fighting
 * Level 1.5 Armour
 - Level 2.0 Dodging
 - Level 2.4 Stealth
 * Level 2.7 Spellcasting
 * Level 3.9 Conjurations


You had 5 spell levels left.
You knew the following spells:

 Your Spells              Type           Power      Damage    Failure   Level
a - Searing Ray           Conj           30%        2d5       5%          2
c - Magic Dart            Conj           60%        1d6       3%          1

Your spell library contained the following spells:

 Spells                   Type           Power      Damage    Failure   Level
 Dazzling Flash           Conj/Hex       18%        N/A       24%         3
 Fulminant Prism          Conj/Hex       4%         3d6       61%         4
 Iskenderun's Mystic Bla  Conj/Tloc      9%         2d4       61%         4


Dungeon Overview and Level Annotations

Branches:
Dungeon (3/15)

Altars:

Annotations:
D:2 1 runed translucent door, Crazy Yiuf, Sigmund
D:4 Pikel


Innate Abilities, Weirdness & Mutations

You cannot be hasted, slowed, berserked, paralysed or teleported.
You can dig through walls and to a lower floor.
You have a pair of large antennae on your head. (SInv)
Your four strong arms can wield two-handed weapons with a shield.


Message History

What are your orders? t - Shout!
Orders for allies: a - Attack new target. r - Retreat! s - Stop attacking. g - Guard the area. f - Follow me.
Anything else - Cancel.
You shout for attention!
The lemure misses you. The lemure hits you. What are your orders? t - Shout!
Orders for allies: a - Attack new target. r - Retreat! s - Stop attacking. g - Guard the area. f - Follow me.
Anything else - Cancel.
You shout for attention!
The lemure hits you but does no damage. Pikel barely misses you.
The lemure hits you. What are your orders? t - Shout!
Orders for allies: a - Attack new target. r - Retreat! s - Stop attacking. g - Guard the area. f - Follow me.
Anything else - Cancel.
You shout for attention!
Pikel hits you with a +2 whip of flaming!
Pikel burns you. The lemure hits you. The lemure completely misses you.
What are your orders? t - Shout!
Orders for allies: a - Attack new target. r - Retreat! s - Stop attacking. g - Guard the area. f - Follow me.
Anything else - Cancel.
You shout for attention!
The lemure hits you!
Pikel hits you with a +2 whip of flaming.
You die...

#.... #...
#... # #..##
$# #...#.##.
###5.......
#5K55...#
######@#
#.###......###
......#.....#
##....#...##
#.#....<.....
# #.##!..####
#......#
.....###
#######


You could see Pikel and 4 lemures.

Vanquished Creatures
  An adder (D:3)
  2 worms
  A dart slug (D:1)
  2 ball pythons
  4 endoplasms (D:1)
  8 goblins
  5 hobgoblins (D:1)
  3 kobolds
  A quokka (D:3)
  2 bats
  A frilled lizard (D:1)
  2 rats
32 creatures vanquished.

Notes
Turn   | Place    | Note
-------+----------+-------------------------------------------
     0 | D:1      | DildoBatman the Formicid Conjurer began the quest for the
                  | Orb.
     0 | D:1      | Reached XP level 1. HP: 13/13 MP: 3/3
   235 | D:1      | Reached XP level 2. HP: 11/20 MP: 1/5
   239 | D:1      | Learned a level 2 spell: Searing Ray
   506 | D:1      | Reached skill level 1 in Armour
   526 | D:1      | Reached skill level 1 in Fighting
   526 | D:1      | Reached XP level 3. HP: 26/26 MP: 3/6
   700 | D:2      | You fall into a shaft and drop 1 floor!
  1226 | D:2      | Noticed Sigmund
  1249 | D:2      | Found a runed translucent door.
  1250 | D:2      | Noticed Crazy Yiuf
  1600 | D:2      | Found a faded altar of an unknown god.
  1856 | D:2      | Reached XP level 4. HP: 32/32 MP: 2/8
  1858 | D:2      | You fall into a shaft and drop 2 floors!
  1890 | D:4      | Noticed Pikel
  1890 | D:4      | Noticed a lemure
  1890 | D:4      | Noticed a lemure
  1890 | D:4      | Noticed a lemure
  1890 | D:4      | Noticed a lemure
  1895 | D:4      | Slain by Pikel

Illustrated notes

Levels and vault maps discovered:
D:1:      amcnicky_arrival_flooded_fountain, layout_loops_cross,
          serial_park_tiny_2
D:2:      layout_basic, dilly_ecumenical_altar_fadedgnrine, uniq_sigmund,
          uniq_crazy_yiuf_cottage
D:3:      layout_basic, minmay_three_crescents, uniq_terence
D:4:      layout_loops_cross, kennysheep_little_box, uniq_pikel, uniq_menkaure

Skill      XL: |  1  2 |
---------------+-------+-----
Dodging        | 2 |  2.0
Armour         | 1 |  1.5
Fighting       | 1 |  1.4
Stealth        | |  2.4
Spellcasting   | |  2.7
Conjurations   | |  3.9

Action                   |  1- 3 |  4- 6 || total
-------------------------+-------+-------++-------
Melee: Dagger            |    14 |       ||    14
       Club              |     2 |       ||     2
       Unarmed           |     1 |       ||     1
 Fire: Hunting sling     |    41 |       ||    41
 Cast: Magic Dart        |    15 |       ||    15
       Searing Ray       |     7 |       ||     7
 Abil: Dig               |       |     1 ||     1
       Shaft Self        |       |     1 ||     1
 Stab: Sleeping          |     1 |       ||     1
Armor: Robe              |     6 |     2 ||     8
Dodge: Dodged            |    13 |     6 ||    19
